 Dungeon Crawl Stone Soup version 0.31.0-32-g396128a36d (webtiles) character file.

Game seed: 1474048150469220362

278 hawla the Twirler (level 6, 0/47 HPs)
             Began as a Gnoll Wanderer on Apr 9, 2024.
             Succumbed to an orc's poison
             ... on level 3 of the Dungeon.
             The game lasted 00:07:10 (1959 turns).

hawla the Twirler (Gnoll Wanderer)                  Turns: 1959, Time: 00:07:11

Health: 0/47       AC: 10    Str: 12    XL:     6   Next: 26%
Magic:  9/9        EV:  7    Int: 12    God:
Gold:   54         SH:  0    Dex: 12    Spells: 9/9 levels left

rFire   + + +        o - +5 hand axe of the Modern God {chaos, rF+ rN+}
rCold   + + .        (no shield)
rNeg    + . .        p - +0 chain mail
rPois   +            c - +0 helmet
rElec   +            (no cloak)
rCorr   +            a - +0 pair of gloves
SInv    .            (no boots)
Will    .....        h - amulet of faith Stlth
                     i - ring of protection from cold
HPRegen 0.27/turn    (no ring)
MPRegen 0.11/turn

%: faith
@: lethally poisoned (0 -> -4), resistant, invisible
A: fangs 1, strong nose, distributed training, talons 1, fire resistance 1
a: no special abilities


You were on level 3 of the Dungeon.
You visited 1 branch of the dungeon, and saw 3 of its levels.

You collected 54 gold pieces.

Inventory:

Hand Weapons
 g - a +1 quarterstaff of speed
 o - the +5 hand axe of the Modern God (weapon) {chaos, rF+ rN+}
   (You found it on level 2 of the Dungeon)

   rF+:       It protects you from fire.
   rN+:       It protects you from negative energy.
Armour
 a - a +0 pair of gloves (worn)
 c - a +0 helmet (worn)
 p - a +0 chain mail (worn)
Jewellery
 h - an amulet of faith (around neck)
 i - a ring of protection from cold (left hand)
Wands
 f - a wand of flame (22)
Scrolls
 b - 2 scrolls of teleportation {unknown}
 d - a scroll of fear
 e - 2 scrolls of identify
 j - a scroll of summoning {unknown}
Potions
 n - a potion of attraction {unknown}


   Skills:
 + Level 3.2 Fighting
 + Level 2.0 Short Blades
 + Level 2.0 Long Blades
 + Level 2.0 Axes
 + Level 6.8 Maces & Flails
 + Level 2.0 Polearms
 + Level 6.8 Staves
 + Level 2.0 Ranged Weapons
 + Level 2.0 Throwing
 + Level 2.0 Armour
 + Level 3.2 Dodging
 + Level 3.1 Stealth
 + Level 2.0 Shields
 + Level 2.0 Unarmed Combat
 + Level 2.0 Spellcasting
 + Level 1.5 Conjurations
 + Level 1.5 Hexes
 + Level 1.5 Summonings
 + Level 1.5 Necromancy
 + Level 1.5 Translocations
 + Level 1.5 Fire Magic
 + Level 1.5 Ice Magic
 + Level 1.5 Air Magic
 + Level 1.5 Earth Magic
 + Level 1.5 Alchemy
 + Level 3.4 Invocations
 + Level 2.0 Evocations
 + Level 1.7 Shapeshifting


You had 9 spell levels left.
You didn't know any spells.
Your spell library contained the following spells:

 Spells                   Type           Power      Damage    Failure   Level
 Gell's Gravitas          Tloc           4%         N/A       100%        3
 Inner Flame              Hex/Fire       4%         N/A       100%        3
 Teleport Other           Tloc           4%         N/A       100%        3
 Anguish                  Hex/Necr       2%         N/A       100%        4
 Cause Fear               Hex            2%         N/A       100%        4
 Irradiate                Conj/Alch      2%         3d12      100%        5
 Dispersal                Tloc           2%         N/A       100%        6
 Enfeeble                 Hex            2%         N/A       100%        7
 Ignition                 Fire           2%         3d3       100%        8


Dungeon Overview and Level Annotations

Branches:
Dungeon (3/15)

Altars:

Shops:
D:1 ?


Innate Abilities, Weirdness & Mutations

You have very sharp teeth.
Your uncanny sense of smell can sniff out nearby items.
Your experience applies equally to all skills.
You have sharp toenails.
Your flesh is heat resistant. (rF+)


Message History

You are more poisoned.
You barely miss the orc. You bite the orc, but do no damage.
You feel very sick.
The orc hits you with a +0 trident of venom.
You hit the orc but do no damage. You bite the orc, but do no damage.
You feel very sick. The orc barely misses you.
You barely miss the orc.
You feel very sick. The orc hits you but does no damage.
You are more poisoned.
The orc hits you but does no damage.
You are more poisoned.
You closely miss the orc.
You feel extremely sick.
The orc hits you with a +0 trident of venom.
* * * LOW HITPOINT WARNING * * *
It was a potion of mutation.
You feel extremely strange.
Your toenails lengthen and sharpen.
You feel resistant to heat.
* * * LOW HITPOINT WARNING * * *
You feel very sick. The orc barely misses you.
As you read the scroll of fear, it crumbles to dust.
You assume a fearsome visage.
The orc looks frightened!
The kobold looks frightened!
The dart slug looks frightened!
* * * LOW HITPOINT WARNING * * *
You feel very sick.
* * * LOW HITPOINT WARNING * * *
You feel sick.
Things that are here:
a +0 short sword; a +0 leather armour; an orc corpse
* * * LOW HITPOINT WARNING * * *
You feel sick.
It was a potion of invisibility.
You fade into invisibility!
* * * LOW HITPOINT WARNING * * *
You feel sick.
It was a potion of resistance.
You feel protected.
You die...

#<..##........#
#.#
...#########.####
.. #### #.#..# .#
########.).# #.#
.....).....##..###
###..............#
∆ #......#....#..#
........####....#
##......# #@..##
#....).####)..#
#......##.))..#
..#...###.#.#.#
.##.#. #.#.#..# #
..##.# o## .. .w
#.# .. ..


You could see a dart slug (unable to see you, fleeing) and an orc (unable to see
you, fleeing).

Vanquished Creatures
  Sigmund (D:3)
  Terence (D:2)
  A gnoll (D:2)
  2 adders (D:2)
  A ribbon worm (D:2)
  2 dart slugs
  3 orcs (D:3)
  4 endoplasms
  2 giant cockroaches
  8 goblins
  6 hobgoblins
  5 jackals
  6 kobolds
  4 quokkas
  2 ball pythons
  5 bats
  4 frilled lizards
  A rat (D:2)
58 creatures vanquished.

Notes
Turn   | Place    | Note
-------+----------+-------------------------------------------
     0 | D:1      | hawla the Gnoll Wanderer began the quest for the Orb.
     0 | D:1      | hawla set off with the following items: a +2 quarterstaff,
                  | a +0 mace, a +0 helmet, a scroll of fear, a +0 robe.
     0 | D:1      | Reached XP level 1. HP: 17/17 MP: 2/2
    36 | D:1      | Found Ogebbot's Magic Scroll Shop.
   153 | D:1      | Reached XP level 2. HP: 23/23 MP: 3/3
   204 | D:1      | Found a faded altar of an unknown god.
   400 | D:1      | Reached XP level 3. HP: 13/28 MP: 4/4
   822 | D:2      | Reached skill level 1 in Short Blades
   822 | D:2      | Reached skill level 1 in Long Blades
   822 | D:2      | Reached skill level 1 in Axes
   822 | D:2      | Reached skill level 1 in Polearms
   822 | D:2      | Reached skill level 1 in Ranged Weapons
   822 | D:2      | Reached skill level 1 in Throwing
   822 | D:2      | Reached skill level 1 in Armour
   822 | D:2      | Reached skill level 1 in Shields
   822 | D:2      | Reached skill level 1 in Unarmed Combat
   822 | D:2      | Reached skill level 1 in Spellcasting
   822 | D:2      | Reached skill level 1 in Evocations
   837 | D:2      | Reached skill level 1 in Shapeshifting
   837 | D:2      | Reached XP level 4. HP: 20/34 MP: 6/6
  1219 | D:2      | Reached skill level 1 in Conjurations
  1219 | D:2      | Reached skill level 1 in Hexes
  1219 | D:2      | Reached skill level 1 in Summonings
  1219 | D:2      | Reached skill level 1 in Necromancy
  1219 | D:2      | Reached skill level 1 in Translocations
  1219 | D:2      | Reached skill level 1 in Fire Magic
  1219 | D:2      | Reached skill level 1 in Ice Magic
  1219 | D:2      | Reached skill level 1 in Air Magic
  1219 | D:2      | Reached skill level 1 in Earth Magic
  1219 | D:2      | Reached skill level 1 in Alchemy
  1294 | D:2      | Identified the +5 hand axe of the Modern God {chaos, rF+
                  | rN+}
  1540 | D:2      | Noticed Terence
  1560 | D:2      | Killed Terence
  1561 | D:2      | Reached XP level 5. HP: 9/40 MP: 7/7
  1868 | D:3      | Noticed Sigmund
  1879 | D:3      | Killed Sigmund
  1880 | D:3      | Reached XP level 6. HP: 38/47 MP: 7/9
  1954 | D:3      | Gained mutation: You have sharp toenails. [potion of
                  | mutation]
  1954 | D:3      | Gained mutation: Your flesh is heat resistant. (rF+)
                  | [potion of mutation]
  1958 | D:3      | HP: 1/47 [poisoned by an orc]
  1959 | D:3      | Succumbed to an orc's poison

Illustrated notes

Levels and vault maps discovered:
D:1:      elethiomel_arrival_quiet, layout_basic,
          hellmonk_ecumenical_altar_crossroads, serial_shops, nicolae_shop_stone
D:2:      minmay_diamond_boxcup, layout_basic, chequers_garden,
          hex_intersection, kennysheep_pointless_box, hangedman_glass_teeth,
          minmay_small_reverse_x, uniq_terence
D:3:      layout_rooms, uniq_robin, uniq_sigmund, uniq_grinder

Skill      XL: |  1  2  3  4  5 |
---------------+----------------+-----
Short Blades   | 1 2 |  2.0
Long Blades    | 1 2 |  2.0
Axes           | 1 2 |  2.0
Polearms       | 1 2 |  2.0
Ranged Weapons | 1 2 |  2.0
Throwing       | 1 2 |  2.0
Armour         | 1 2 |  2.0
Shields        | 1 2 |  2.0
Unarmed Combat | 1 2 |  2.0
Spellcasting   | 1 2 |  2.0
Evocations     | 1 2 |  2.0
Shapeshifting  | 1 |  1.7
Conjurations   | 1 |  1.5
Hexes          | 1 |  1.5
Summonings     | 1 |  1.5
Necromancy     | 1 |  1.5
Translocations | 1 |  1.5
Fire Magic     | 1 |  1.5
Ice Magic      | 1 |  1.5
Air Magic      | 1 |  1.5
Earth Magic    | 1 |  1.5
Alchemy        | 1 |  1.5
Invocations    | 3 |  3.4
Fighting       | 3 |  3.2
Dodging        | 3 |  3.2
Stealth        | 3 |  3.1
Maces & Flails | |  6.8
Staves         | |  6.8

Action                     |  1- 3 |  4- 6 || total
---------------------------+-------+-------++-------
  Melee: Quarterstaff      |    91 |    71 ||   162
         Bite              |    11 |    14 ||    25
         Hand axe          |       |    20 ||    20
    Use: Potion            |     2 |     3 ||     5
         Scroll            |     2 |     1 ||     3
   Stab: Sleeping          |       |     1 ||     1
 Armour: Ring mail         |    56 |    20 ||    76
         Chain mail        |       |    19 ||    19
  Dodge: Dodged            |    51 |    30 ||    81
